 Dungeon Crawl Stone Soup version 0.28.0-53-g5a82cb258f (webtiles) character file.

Game seed: 17240613074517032054

32 doricub5 the Skirmisher (level 3, -6/34 HPs)
             Began as a Minotaur Fighter on July 22, 2022.
             Killed from afar by Ijyb (40 damage)
             ... with a bolt of acid
             ... on level 3 of the Dungeon.
             The game lasted 00:03:44 (1467 turns).

doricub5 the Skirmisher (Minotaur Fighter)          Turns: 1467, Time: 00:03:45

Health: -6/34      AC:  7    Str: 22    XL:     3   Next: 10%
Magic:  2/2        EV:  9    Int:  5    God:
Gold:   40         SH:  4    Dex:  9    Spells: 2/2 levels left

rFire   . . .      SeeInvis .   a - +0 long sword
rCold   . . .      Faith    .   c - +0 buckler
rNeg    . . .      Spirit   .   b - +0 scale mail
rPois   .          Reflect  .   (helmet restricted)
rElec   .          Harm     .   (no cloak)
rCorr   .          Rampage  .   (no gloves)
Will    .....                   (no boots)
Stlth   ..........              (no amulet)
HPRegen 0.11/turn               (no ring)
MPRegen 0.08/turn               (no ring)

@: no status effects
A: horns 2, retaliatory headbutt
a: no special abilities


You were on level 3 of the Dungeon.
You visited 1 branch of the dungeon, and saw 3 of its levels.

You collected 40 gold pieces.

Inventory:

Hand Weapons
 a - a +0 long sword (weapon)
Missiles
 e - a throwing net (quivered)
Armour
 b - a +0 scale mail (worn)
 c - a +0 buckler (worn)
Scrolls
 f - a scroll of identify {unknown}
 k - a scroll of fear {unknown}
Potions
 d - a potion of might
 g - 2 potions of haste {unknown}
 h - 2 potions of degeneration {unknown}
 i - a potion of curing {unknown}
 j - 2 potions of attraction {unknown}


   Skills:
 * Level 4.5 Fighting
 - Level 2.4 Long Blades
 + Level 4.0 Armour
 + Level 4.0 Shields


You had 2 spell levels left.
You didn't know any spells.
Your spell library was empty.

Dungeon Overview and Level Annotations

Branches:
Dungeon (2/15)

Altars:
Uskayaw

Shops:
D:1 [

Annotations:
D:1 armor shop
D:3 Ijyb


Innate Abilities, Weirdness & Mutations

You have a pair of horns on your head.
You reflexively headbutt those who attack you in melee.


Message History

The jackal barks!
You hear a shout!
You hit the dart slug but do no damage.
You headbutt the dart slug, but do no damage.
The dart slug launches a dart at you.
The slug dart hits you but does no damage.
You hit the dart slug.
The dart slug is moderately wounded.
The dart slug completely misses you.
You slash the dart slug!
You kill the dart slug!
The jackal barely misses you.
You closely miss the jackal. Your headbutt misses the jackal.
The jackal bites you but does no damage. x2
You closely miss the jackal.
The jackal splashes around in the water.
You block the jackal's attack.
You hit the jackal.
The jackal is severely wounded.
The jackal bites you but does no damage.
The jackal splashes around in the water.
You closely miss the jackal.
The jackal is severely wounded.
You block the jackal's attack.
The jackal splashes around in the water.
You barely miss the jackal.
The jackal is severely wounded.
You block the jackal's attack.
You hit the jackal. Your headbutt misses the jackal.
The jackal is almost dead.
The jackal closely misses you.
The jackal splashes around in the water.
You hit the jackal.
You kill the jackal!
You enter the shallow water.
Moving in this stuff is going to be slow.
You now have 40 gold pieces (gained 5).
Ijyb the Twisted Goblin comes into view.
She is wielding a +0 dagger and carrying a wand of acid (9).
Ijyb zaps a wand.
The bolt of acid hits you!!!
Ouch! That really hurt!
You die...

##### #...##.. #.....
########..# ..........+
.########.##### ##.
.#.....##.....#####.....
.#.###.###.#....@.......
.#.# #.# #.#.##.#.......
.#.# #.###.#.##.##......
.#.###...#.#.##.# ...g..
.#.....#.#.#.##.# .....
.#####.#.#.#.##.# .....
.# #.#.#.#.##.# .... .#
#...#.#.##.# ..... .#
###.#.#.##.##.....


You could see Ijyb.

Vanquished Creatures
  2 dart slugs
  A ball python (D:1)
  An endoplasm (D:1)
  3 hobgoblins
  4 jackals
  2 quokkas (D:1)
  3 bats
  3 frilled lizards (D:1)
  A goblin (D:2)
  3 kobolds
  6 rats
29 creatures vanquished.

Notes
Turn   | Place    | Note
-------+----------+-------------------------------------------
     0 | D:1      | doricub5 the Minotaur Fighter began the quest for the Orb.
     0 | D:1      | Reached XP level 1. HP: 19/19 MP: 0/0
   170 | D:1      | Found Aredd's Antique Armour Shoppe.
   366 | D:1      | Reached XP level 2. HP: 27/27 MP: 1/1
   822 | D:2      | Found a hide-covered altar of Uskayaw.
  1014 | D:2      | Found a faded altar of an unknown god.
  1328 | D:2      | You fall into a shaft and drop 1 floor!
  1373 | D:3      | Reached XP level 3. HP: 32/34 MP: 2/2
  1466 | D:3      | Noticed Ijyb
  1467 | D:3      | Killed from afar by Ijyb

Illustrated notes

Levels and vault maps discovered:
D:1:      saegor_arrival_simple_a, layout_rooms, serial_bayou,
          serial_bayou_pond_e, serial_bayou_pond_c, serial_bayou_pond_d,
          serial_bayou_shore_b, serial_shops, shop,
          chequers_serial_rivers_small_3, minivault_14
D:2:      minmay_evil_eye, layout_rooms, basic_altar, serial_co_window_serial,
          co_window_paths_b, co_window_paths_a, co_window_cross_1,
          co_window_paths_b, co_window_corner_a, co_window_corner_a,
          co_window_corner_a, co_window_of_opportunity_c, co_window_corner_cb,
          co_window_cross_4, co_window_2corner, co_window_cross_2,
          co_window_broadway_a, dreamdust_ecumenical_altar_grove, uniq_robin
D:3:      layout_basic, grunt_gozag_statues,
          mainiacjoe_overflow_surrounded_room, mainiacjoe_overflow_brackets,
          serial_rivers, chequers_serial_rivers_small_3,
          chequers_serial_rivers_micro_a, chequers_serial_rivers_small_a,
          chequers_serial_rivers_room_b, uniq_ijyb

Skill      XL: |  1  2 |
---------------+-------+-----
Fighting       | 4 |  4.5
Shields        | 4 |  4.0
Armour         | 4 |  4.0
Long Blades    | |  2.4

Action                   || total
-------------------------++-------
Melee: Long sword        ||    70
       Headbutt          ||     5
Armor: Scale mail        ||    35
Dodge: Dodged            ||    25
Block: Buckler           ||    13
